 Dungeon Crawl Stone Soup version 0.21-a0-349-g0c35859 (webtiles) character file.

613 nikopol the Archer (level 7, -4/58 HPs)
             Began as a Centaur Hunter on Oct 8, 2017.
             Slain by Menkaure (19 damage)
             ... on level 5 of the Dungeon.
             The game lasted 00:12:23 (4609 turns).

nikopol the Archer (Centaur Hunter)                 Turns: 4609, Time: 00:12:23

Health: -4/58      AC:  7    Str: 14    XL:     7   Next: 20%
Magic:  7/7        EV: 10    Int: 10    God:
Gold:   233        SH:  0    Dex: 12    Spells: 6/6 levels left

rFire    . . .     SeeInvis .   z - +0 short sword
rCold    . . .     Gourm    .   (no shield)
rNeg     + . .     Faith    .   g - +0 steam dragon scales
rPois    .         Spirit   .   (no helmet)
rElec    .         Reflect  .   B - +0 cloak
rCorr    .         Harm     .   u - +0 pair of gloves
MR       .....                  (no barding)
Stlth    ++........             (no amulet)
HPRegen  0.19/turn              e - ring of stealth
MPRegen  0.10/turn              h - ring of positive energy

@: very quick
A: hooves 3, deformed body, speed 2, tough skin 3
a: no special abilities


You were on level 5 of the Dungeon.
You were near starving.

You visited 1 branch of the dungeon, and saw 5 of its levels.
You also visited: Sewer.

You collected 233 gold pieces.

Inventory:

Hand Weapons
 a - a +1 shortbow
 d - a +0 dagger
 z - a +0 short sword (weapon)
Missiles
 s - 3 arrows
Armour
 c - a +0 leather armour
 g - +0 steam dragon scales (worn)
 u - a +0 pair of gloves (worn)
 B - a +0 cloak (worn)
Jewellery
 e - a ring of stealth (left hand)
 h - a ring of positive energy (right hand)
 G - a +2 amulet of reflection {unknown}
Scrolls
 j - a scroll of fog {unknown}
 k - a scroll of fear {unknown}
 l - a scroll of noise {unknown}
 n - 3 scrolls of recharging {unknown}
 q - 2 scrolls of magic mapping {unknown}
 r - 5 scrolls of remove curse
 t - 3 scrolls of teleportation {unknown}
 y - a scroll of enchant weapon {unknown}
 A - 2 scrolls of enchant armour {unknown}
 D - a scroll of identify
 F - a scroll of amnesia {unknown}
Potions
 i - 2 potions of berserk rage
 o - a potion of curing {unknown}
 p - a potion of degeneration {unknown}
 w - 2 potions of invisibility
 x - a potion of haste {unknown}
 C - a potion of lignification {unknown}
 E - a potion of flight {unknown}
Comestibles
 b - 2 royal jellies
 f - 2 bread rations
 m - a meat ration
 v - 5 fruits


   Skills:
 + Level 3.8 Fighting
 + Level 1.7 Short Blades
 + Level 9.1 Bows
 + Level 0.2 Armour
 + Level 2.8 Dodging
 + Level 0.6 Stealth


You had 6 spell levels left.
You didn't know any spells.

Dungeon Overview and Level Annotations

Branches:
Dungeon (5/15)
 Temple: D:4-7

Altars:
Ashenzari
Hepliaklqana
Uskayaw

Annotations:
D:5 Menkaure


Innate Abilities, Weirdness & Mutations

You have hooves in place of feet.
Armour fits poorly on your strangely shaped body.
You cover ground very quickly.
You have extremely tough skin. (AC +3)


Message History

Aim: Menkaure (moderately damaged, fast)
You shoot an arrow. The arrow hits Menkaure.
Menkaure is moderately damaged.
Firing (i - inventory):
s - 4 arrows (quivered)
Press: ? - help, Shift-Dir - straight line, f/p - Menkaure
Aim: Menkaure (moderately damaged, fast)
You shoot an arrow. The arrow hits Menkaure.
Menkaure is heavily damaged.
Wield which item (- for none, * to show all)? (? for menu, Esc to quit)
z - a +0 short sword (weapon)
Menkaure hits you.
You hit Menkaure. You kick Menkaure.
Menkaure is severely damaged.
Menkaure points at you and mumbles some strange words.
Pain shoots through your body!
* * * LOW HITPOINT WARNING * * *
You hit Menkaure.
Menkaure is almost destroyed.
Menkaure hits you!!
You die...

.# #..# #. .
...# #... .
#..#...#
#.#......#
#.#.#<#########.
#...............
###.#.....######
..%#..........
### #@....####.
..((((M........#
(.#####!#......#
###......#
$......#
........ ......#
../.


You could see Menkaure.

Vanquished Creatures
  A phantom (D:4)
  Purgy (Sewer)
  Blork the orc (D:4)
  2 scorpions (D:4)
  A centaur zombie (D:2)
  A hound (D:4)
  Crazy Yiuf (D:3)
  A worker ant (D:4)
  2 adders
  A gnoll (D:1)
  A howler monkey skeleton (D:4)
  5 dart slugs
  2 worms
  6 leopard geckos
  4 orcs
  10 bats
  3 giant cockroaches
  6 goblins
  6 hobgoblins
  7 jackals (D:1)
  2 quokkas (D:2)
  3 ball pythons
  4 frilled lizards
  7 kobolds
  2 leopard gecko skeletons (D:4)
  7 rats
87 creatures vanquished.

Notes
Turn   | Place    | Note
-------+----------+-------------------------------------------
     0 | D:1      | nikopol the Centaur Hunter began the quest for the Orb.
     0 | D:1      | Reached XP level 1. HP: 17/17 MP: 1/1
   273 | D:1      | Reached XP level 2. HP: 24/24 MP: 2/2
   305 | D:1      | Reached skill level 6 in Bows
   361 | D:1      | Reached XP level 3. HP: 29/29 MP: 3/3
  1139 | D:2      | Found a hide-covered altar of Uskayaw.
  1140 | D:2      | Found a hazy altar of Hepliaklqana.
  1423 | D:2      | Reached XP level 4. HP: 12/36 MP: 4/4
  1477 | D:2      | Reached skill level 7 in Bows
  1989 | D:2      | Found a shattered altar of Ashenzari.
  2335 | D:3      | Found a glowing drain.
  2356 | Sewer    | Entered a sewer
  2399 | Sewer    | Noticed Purgy
  2417 | Sewer    | Killed Purgy
  2417 | Sewer    | Reached XP level 5. HP: 35/45 MP: 5/5
  2618 | D:3      | Reached skill level 1 in Short Blades
  2761 | D:3      | Found a runed door.
  2765 | D:3      | Noticed Crazy Yiuf
  2774 | D:3      | Killed Crazy Yiuf
  3273 | D:3      | Reached XP level 6. HP: 50/51 MP: 6/6
  3389 | D:4      | Reached skill level 8 in Bows
  3588 | D:4      | Noticed Blork the orc
  3596 | D:4      | Killed Blork the orc
  4025 | D:4      | Reached XP level 7. HP: 17/58 MP: 7/7
  4280 | D:4      | Reached skill level 9 in Bows
  4590 | D:5      | Entered Level 5 of the Dungeon
  4597 | D:5      | Noticed Menkaure
  4609 | D:5      | Slain by Menkaure

Vault maps used:
D:1:      minmay_arrival_four_loops
D:2:      chequers_temple_overflow_statue_of_worship, lemuel_statue_altar
D:3:      first_bread, cheibrodos_sewer_entry_bend, uniq_crazy_yiuf_cottage
D:4:      uniq_blork_the_orc
D:5:      serial_shops, nicolae_shop_temple_entry_statues_fountains,
          nicolae_shop_trees, shop, nicolae_shop_temple_entry_statues_fountains,
          nicolae_shop_statue_plus, hangedman_ru_absence, uniq_menkaure
Sewer:    sewer_big_baddie

Skill      XL: |  1  2  3  4  5  6  7 |
---------------+----------------------+-----
Bows           | 6 7 8 9 |  9.1
Dodging        | 2 |  2.8
Fighting       | 3 |  3.8
Short Blades   | 1 |  1.7
Armour         | |  0.2
Stealth        | |  0.6

Action                   |  1- 3 |  4- 6 |  7- 9 || total
-------------------------+-------+-------+-------++-------
Melee: Short sword       |    17 |   114 |     5 ||   136
       Kick              |     3 |    32 |     2 ||    37
 Fire: Shortbow          |   101 |   105 |    14 ||   220
  Use: Scroll            |       |     3 |       ||     3
       Potion            |       |     1 |       ||     1
  Eat: Chunk             |       |     7 |       ||     7
Armor: Steam dragon scal |    34 |    44 |     2 ||    80
Dodge: Dodged            |    60 |    67 |     1 ||   128

Table legend:
 A = Spawn XP
 B = Non-spawn XP
 C = Spawn XP percentage of total XP
 D = Spawn monster count
 E = Non-spawn monster count
 F = Spawn count percentage of total count
 G = Total turns spent on level
                    A         B        C        D         E        F      G
               +---------+---------+-------+---------+---------+-------+---------
         Total |       0 |     876 |   0.0 |       0 |      87 |   0.0 |  4609
               +---------+---------+-------+---------+---------+-------+---------
           D:1 |       0 |      74 |   0.0 |       0 |      32 |   0.0 |  1245
           D:2 |       0 |      97 |   0.0 |       0 |      19 |   0.0 |   955
           D:3 |       0 |      67 |   0.0 |       0 |      14 |   0.0 |  1025
           D:4 |       0 |     496 |   0.0 |       0 |      16 |   0.0 |  1247
         Sewer |       0 |     142 |   0.0 |       0 |       6 |   0.0 |   118
               +---------+---------+-------+---------+---------+-------+---------
